 Dungeon Crawl Stone Soup version 0.29.1-1-gd02db6906a (webtiles) character file.

Game seed: 18020058775831204154

18806 Sabo the Severer (level 12, -1/110 HPs)
             Began as a Minotaur Fighter on Oct 19, 2022.
             Was the Champion of Zin.
             Slain by a nine-headed hydra (12 damage)
             ... on level 12 of the Dungeon on Oct 20, 2022.
             The game lasted 01:08:34 (13651 turns).

Sabo the Severer (Minotaur Fighter)                Turns: 13651, Time: 01:08:36

Health: -1/110     AC: 21    Str: 23 (25) XL:     12   Next: 31%
Magic:  11/11      EV:  9    Int:  4 (5)  God:    Zin [******]
Gold:   1255       SH:  0    Dex: 10 (11) Spells: 11/11 levels left

rFire   . . .      SeeInvis .   C - +5 lochaber axe {reach-cleave, poleaxe}
rCold   + . .      Faith    .   (shield currently unavailable)
rNeg    . . .      Spirit   .   u - +1 chain mail
rPois   .          Reflect  .   q - +2 hat
rElec   .          Harm     .   Q - +2 cloak
rCorr   +          Rampage  .   (no gloves)
Will    .....                   y - +2 pair of boots
Stlth   ..........              a - amulet of regeneration
HPRegen 1.08/turn               b - ring of resist corrosion
MPRegen 0.12/turn               x - ring of protection from cold

@: about to teleport
A: horns 2, retaliatory headbutt
a: Renounce Religion, Recite, Vitalisation, Imprison, Sanctuary, Donate Gold


You were on level 12 of the Dungeon.
You worshipped Zin.
Zin was exalted by your worship.
You visited 1 branch of the dungeon, and saw 12 of its levels.
You visited the Abyss 1 time.
You also visited: Sewer.

You collected 1661 gold pieces.
You spent 252 gold pieces at shops.
You donated 154 gold pieces to Zin.

Inventory:

Hand Weapons
 s - a +3 halberd of flaming
 B - a +5 vorpal spear
 C - the +5 lochaber axe (weapon) {reach-cleave, poleaxe}
   (You found it on level 4 of the Dungeon)

   It can be evoked to extend its reach, and strikes at all foes within reach,
   dealing less damage to those not targeted.
   It uses either Axes or Polearms skill, whichever is higher.
 H - a +3 hand axe of freezing
 L - a +4 hand axe
 R - a +0 arbalest
Missiles
 E - 3 silver javelins (quivered)
 N - 26 poisoned darts
Armour
 q - a +2 hat (worn)
 u - a +1 chain mail (worn)
 y - a +2 pair of boots (worn)
 O - the +1 scale mail of the Cartwright {-Tele rF- Int+8 SInv}
   (You found it on level 7 of the Dungeon)

   Int:       It affects your intelligence (+8).
   rF:        It makes you vulnerable to fire.
   SInv:      It lets you see invisible.
   -Tele:     It prevents most forms of teleportation.
 Q - a +2 cloak (worn)
Jewellery
 a - an amulet of regeneration (around neck)
 b - a ring of resist corrosion (left hand)
 x - a ring of protection from cold (right hand)
Wands
 g - a wand of roots (16)
 A - a wand of mindburst (6)
 F - a wand of paralysis (2)
Scrolls
 c - a scroll of enchant armour
 e - a scroll of summoning
 f - 2 scrolls of enchant weapon
 m - a scroll of brand weapon
 p - 7 scrolls of teleportation
 v - 2 scrolls of fog
 w - 3 scrolls of magic mapping
 G - 5 scrolls of poison
 M - a scroll of fear
 S - a scroll of amnesia
Potions
 d - 6 potions of might
 h - 4 potions of invisibility {unknown}
 i - 3 potions of flight {unknown}
 j - a potion of berserk rage {unknown}
 k - 2 potions of attraction {unknown}
 l - 5 potions of cancellation
 n - a potion of lignification {unknown}
 o - 8 potions of curing
 r - 2 potions of heal wounds
 t - 4 potions of magic {unknown}
 z - 2 potions of haste {unknown}
 D - 2 potions of mutation {unknown}
 I - 3 potions of brilliance {unknown}
 J - a potion of experience {unknown}
 K - 3 potions of degeneration
 P - a potion of ambrosia


   Skills:
 + Level 11.1 Fighting
 + Level 18.4 Axes
 + Level 10.9 Armour
 + Level 3.6 Dodging
 + Level 1.2 Stealth
 + Level 4.9 Shields


You had 11 spell levels left.
You didn't know any spells.
Your spell library contained the following spells:

 Spells                   Type           Power      Damage    Failure   Level
 Freeze                   Ice            0%         1d3       97%         1
 Ensorcelled Hibernation  Hex/Ice        0%         N/A       99%         2
 Static Discharge         Conj/Air       0%         3-3/arc   99%         2
 Frozen Ramparts          Ice            0%         1d1       100%        3
 Spider Form              Tmut/Pois      0%         N/A       100%        3
 Anguish                  Hex/Necr       0%         N/A       100%        4
 Hailstorm                Conj/Ice       0%         3d3       100%        4
 Lightning Bolt           Conj/Air       0%         1d11      100%        5
 Maxwell's Capacitive Co  Air            0%         ∞         100%        8


Dungeon Overview and Level Annotations

Branches:
Dungeon (12/15)            Temple (0/1) D:7            Lair (0/5) D:8
    Orc (0/2) D:9           Sewer (visited)

Altars:
Ashenzari
Cheibriados
Dithmenos
Fedhas
Gozag
Hepliaklqana
Kikubaaqudgha
Makhleb
Nemelex Xobeh
Okawaru
Sif Muna
Trog
Uskayaw
Vehumet
Wu Jian
Xom
Zin
The Shining One
Jiyva

Shops:
D:7 *   D:8 (   D:9 *

Portals:
Abyss: D:9

Annotations:
D:9 2 transporters, RascalDebosk's ghost, journeyman DjCj
D:12 1 transporter


Innate Abilities, Weirdness & Mutations

You have a pair of horns on your head.
You reflexively headbutt those who attack you in melee.


Message History

The eight-headed hydra closely misses you.
Unknown command.
You barely miss the eight-headed hydra. You headbutt the eight-headed hydra.
The eight-headed hydra is moderately wounded.
The orc priest mumbles some strange prayers to Beogh against you.
Pain shoots through your body!
The eight-headed hydra closely misses you.
You furiously retaliate!
You headbutt the eight-headed hydra, but do no damage.
The eight-headed hydra bites you but does no damage.
The eight-headed hydra barely misses you.
The eight-headed hydra bites you but does no damage.
The eight-headed hydra misses you.
The eight-headed hydra bites you but does no damage. x2
The eight-headed hydra bites you!
Unknown command.
As you read the scroll of teleportation, it crumbles to dust.
You feel strangely unstable.
The orc priest invokes the aid of Beogh against you.
Beogh smites you!
The eight-headed hydra closely misses you.
The eight-headed hydra bites you but does no damage. x2
The eight-headed hydra barely misses you.
The eight-headed hydra bites you.
The eight-headed hydra bites you but does no damage.
The eight-headed hydra barely misses you. x2
You hack one of the eight-headed hydra's heads off!
The seven-headed hydra grows two more!
You slash the nine-headed hydra!
The nine-headed hydra is moderately wounded.
The nine-headed hydra bites you but does no damage. x2
The nine-headed hydra bites you. The nine-headed hydra bites you!
* * * LOW HITPOINT WARNING * * *
The nine-headed hydra bites you.
* * * LOW HITPOINT WARNING * * *
The nine-headed hydra misses you. The nine-headed hydra bites you.
* * * LOW HITPOINT WARNING * * *
The nine-headed hydra bites you!
* * * LOW HITPOINT WARNING * * *
The nine-headed hydra bites you!
You die...

..#####.....#
............#
.........####
.........#
.........#
.......)##
........#
........#
.......@#
#####...D)...#
#..o)....#
#........#
#........#
#........#
#........#
#..##+##.#


You could see a nine-headed hydra and an orc priest.

Vanquished Creatures
  Gastronok (D:11)
  A boulder beetle (D:12)
  3 two-headed ogres
  A dancing weapon (D:6)
  Nergalle (D:12)
  Pikel (D:5)
  A wizard (D:10)
  A manticore (D:11)
  Maurice (D:8)
  Maggie (D:7)
  4 trolls
  The ghost of warriortoast the Conjurer, a novice DECj (D:4)
  4 hornets
  Grinder (D:5)
  5 slime creatures (D:12)
  A shadow (D:10)
  2 wraiths
  A vampire (D:12)
  15 yaks
  4 wyverns
  A neqoxec (Abyss:2)
  A steam dragon (D:7)
  A basilisk (D:8)
  An acid dragon (D:11)
  4 water moccasins
  5 orc warriors
  2 sky beasts (D:7)
  4 black bears
  2 ogres (D:5)
  A phantom (D:5)
  11 centaurs
  2 lemures (D:5)
  4 kobold brigands
  Blork the orc (D:5)
  5 bullfrogs
  4 scorpions
  2 necrophages (D:5)
  13 wights
  4 howler monkeys
  A crimson imp (D:7)
  5 hounds
  2 orc priests
  Crazy Yiuf (D:7)
  A gnoll bouda (D:7)
  3 iron imps (D:10)
  6 jellies
  2 iguanas
  10 orc wizards
  4 gnolls (D:7)
  11 adders
  4 river rats (Sewer)
  A shadow imp (D:7)
  3 white imps
  A worm (D:3)
  3 dart slugs
  The ghost of Bombi the Sneak, a weakling SpDe of Cheibriados (D:6)
  34 orcs
  12 ball pythons
  10 bats
  5 endoplasms
  3 giant cockroaches
  5 goblins
  9 hobgoblins
  7 jackals
  27 kobolds
  5 quokkas
  2 frilled lizards
  26 rats
  5 bushes (D:10)
327 creatures vanquished.

Notes
Turn   | Place    | Note
-------+----------+-------------------------------------------
     0 | D:1      | Sabo the Minotaur Fighter began the quest for the Orb.
     0 | D:1      | Reached XP level 1. HP: 19/19 MP: 0/0
   192 | D:1      | Reached XP level 2. HP: 27/27 MP: 1/1
   651 | D:1      | Reached skill level 3 in Axes
   747 | D:1      | Reached XP level 3. HP: 32/33 MP: 2/2
  1094 | D:2      | Found a faded altar of an unknown god.
  1104 | D:2      | Prayed at the altar of an unknown god.
  1104 | D:2      | Became a worshipper of Zin the Law-Giver
  1104 | D:2      | Reached * piety under Zin
  1234 | D:2      | Reached skill level 1 in Dodging
  1563 | D:2      | Donated 39 gold pieces to Zin
  1802 | D:3      | Reached XP level 4. HP: 40/40 MP: 3/3
  1914 | D:3      | Reached ** piety under Zin
  2422 | D:4      | Found an ancient bone altar of Kikubaaqudgha.
  2432 | D:4      | Reached skill level 4 in Axes
  2446 | D:4      | Found a shimmering blue altar of Sif Muna.
  2478 | D:4      | Found a radiant altar of Vehumet.
  2495 | D:4      | Reached XP level 5. HP: 46/46 MP: 4/4
  2666 | D:4      | Found a runed translucent door.
  2667 | D:4      | Noticed warriortoast's ghost (novice DECj)
  2682 | D:4      | Killed warriortoast's ghost
  2683 | D:4      | Reached skill level 5 in Axes
  2683 | D:4      | Reached skill level 5 in Armour
  2683 | D:4      | Reached XP level 6. HP: 35/53 MP: 5/5
  3072 | D:4      | Reached skill level 6 in Axes
  3072 | D:4      | Reached XP level 7. HP: 59/60 MP: 6/6
  3073 | D:4      | Found the +5 lochaber axe {reach-cleave, poleaxe}
  3089 | D:4      | Reached skill level 5 in Fighting
  3205 | D:4      | Found a bloodstained altar of Trog.
  3353 | D:4      | Reached *** piety under Zin
  3547 | D:5      | Entered Level 5 of the Dungeon
  3549 | D:5      | Noticed Blork the orc
  3552 | D:5      | Killed Blork the orc
  3553 | D:5      | Reached skill level 7 in Axes
  3712 | D:5      | Noticed Pikel
  3726 | D:5      | Killed Pikel
  3727 | D:5      | Reached skill level 9 in Axes
  3727 | D:5      | Reached XP level 8. HP: 53/70 MP: 7/7
  4078 | D:5      | Noticed Grinder
  4086 | D:5      | Killed Grinder
  4087 | D:5      | Reached skill level 10 in Axes
  4235 | D:5      | Found a shimmering altar of Xom.
  4235 | D:5      | Found a shadowy altar of Dithmenos.
  4903 | D:5      | Reached **** piety under Zin
  4915 | D:5      | Reached XP level 9. HP: 74/78 MP: 8/8
  5286 | D:6      | Reached skill level 11 in Axes
  5309 | D:6      | Found an iron altar of Okawaru.
  5319 | D:6      | Found a glowing drain.
  5328 | Sewer    | Entered a sewer
  6095 | D:6      | Found a runed translucent door.
  6096 | D:6      | Found a shimmering altar of Xom.
  6096 | D:6      | Noticed Bombi's ghost (weakling SpDe)
  6096 | D:6      | Noticed a +2 whip of chaos
  6104 | D:6      | Killed a +2 whip of chaos
  6105 | D:6      | Reached skill level 12 in Axes
  6105 | D:6      | Killed Bombi's ghost
  6137 | D:6      | Found a hazy altar of Hepliaklqana.
  6391 | D:6      | Reached ***** piety under Zin
  6715 | D:6      | Found a hide-covered altar of Uskayaw.
  6980 | D:7      | Noticed Maggie
  6993 | D:7      | Killed Maggie
  7065 | D:7      | Found a staircase to the Ecumenical Temple.
  7109 | D:7      | Reached skill level 13 in Axes
  7109 | D:7      | Reached XP level 10. HP: 88/88 MP: 9/9
  7225 | D:7      | Found an opulent altar of Gozag.
  7236 | D:7      | Found Gozag's Platinum Reserve.
  7676 | D:7      | Reached ****** piety under Zin
  7795 | D:7      | Identified the +1 scale mail of the Cartwright {-Tele rF-
                  | Int+8 SInv}
  7891 | D:7      | Found a runed translucent door.
  7892 | D:7      | Noticed Crazy Yiuf
  7899 | D:7      | Killed Crazy Yiuf
  8211 | D:8      | Found Ocis's Weapon Shoppe.
  8305 | D:8      | Reached skill level 14 in Axes
  8542 | D:8      | Found a sparkling altar of Nemelex Xobeh.
  8544 | D:8      | Noticed Maurice
  8575 | D:8      | Killed Maurice
  8774 | D:8      | Found a staircase to the Lair.
  8892 | D:8      | Found a broken altar of Ashenzari.
  9248 | D:9      | Found Veomoasa's General Store.
  9518 | D:9      | Reached skill level 15 in Axes
  9552 | D:9      | Bought a scroll of identify for 28 gold pieces
  9612 | D:9      | Reached XP level 11. HP: 74/97 MP: 10/10
  9772 | D:9      | Found a one-way gate to the infinite horrors of the Abyss.
  9772 | D:9      | Noticed RascalDebosk's ghost (journeyman DjCj)
  9820 | D:9      | Found a transporter.
  9954 | D:9      | Found a staircase to the Orcish Mines.
 10022 | D:9      | Found a transporter.
 10081 | D:9      | Noticed a tentacled starspawn
 10093 | D:9      | Noticed a rakshasa
 10116 | D:9      | Noticed a thrashing horror
 10172 | D:9      | Paralysed by a hornet for 1 turns
 10258 | D:9      | Identified a scroll of acquirement
 10258 | D:9      | Acquired 573 gold pieces
 10330 | D:9      | Bought a +2 hat for 224 gold pieces
 10453 | D:10     | Entered Level 10 of the Dungeon
 10522 | D:10     | Paralysed by a hornet for 3 turns
 10526 | D:10     | Reached skill level 1 in Stealth
 10616 | D:10     | Reached skill level 16 in Axes
 10658 | D:10     | Noticed a wizard
 10664 | Abyss:2  | Cast into level 2 of the Abyss (a wizard)
 10715 | Abyss:2  | Noticed a glowing orange brain
 10785 | Abyss:3  | Noticed a thrashing horror
 10789 | D:10     | Escaped the Abyss
 10804 | D:10     | Killed a wizard
 10805 | D:10     | Reached skill level 10 in Armour
 10856 | D:10     | Found a snail-covered altar of Cheibriados.
 11211 | D:10     | Found an ornate altar of the Wu Jian Council.
 11373 | D:10     | Noticed a two-headed ogre
 11382 | D:10     | Killed a two-headed ogre
 11573 | D:10     | Found a burning altar of Makhleb.
 11667 | D:10     | Found a glowing golden altar of the Shining One.
 11866 | D:11     | Reached skill level 10 in Fighting
 12021 | D:11     | Reached skill level 17 in Axes
 12021 | D:11     | Noticed Gastronok
 12033 | D:11     | Killed Gastronok
 12235 | D:11     | Found a blossoming altar of Fedhas.
 12322 | D:11     | Noticed a two-headed ogre
 12328 | D:11     | Killed a two-headed ogre
 12484 | D:11     | Reached XP level 12. HP: 95/107 MP: 11/11
 13297 | D:12     | Noticed Nergalle
 13297 | D:12     | Noticed a two-headed ogre
 13307 | D:12     | Killed Nergalle
 13308 | D:12     | Reached skill level 18 in Axes
 13308 | D:12     | Killed a two-headed ogre
 13427 | D:12     | Noticed a boulder beetle
 13441 | D:12     | Killed a boulder beetle
 13455 | D:12     | Found a transporter.
 13455 | D:12     | Found a viscous altar of Jiyva.
 13643 | D:12     | Noticed a seven-headed hydra
 13651 | D:12     | Slain by a nine-headed hydra

Illustrated notes

Levels and vault maps discovered:
D:1:      reono_arrival_forest_river, layout_loops_ring
D:2:      layout_loops_ring, chequers_ecumenical_altar_simple_redux,
          chequers_serial_rivers_micro_c
D:3:      layout_basic
D:4:      layout_rooms, palyth_temple_overflow_mages, trog_ov_bears_minmay,
          gammafunk_ghost_grave, kennysheep_donut
D:5:      layout_basic, chequers_temple_overflow_statue_of_worship,
          minmay_joined_circles, uniq_blork_the_orc, uniq_grinder, uniq_pikel
D:6:      layout_loops_corners, nicolae_uskayaw_dance_studio,
          amcnicky_altar_gilded, mainiacjoe_overflow_paths, serial_rivers,
          chequers_serial_rivers_large_b, chequers_serial_rivers_micro_e,
          chequers_serial_rivers_marsh, chequers_serial_rivers_micro_e,
          chequers_serial_rivers_small_a, chequers_serial_rivers_small_a,
          portal_sewer_entry_d, ebering_ghost_xom, hangedman_decor_slide_cut,
          minmay_stone_trees_small
D:7:      kennysheep_six_static_rooms, layout_rooms,
          nicolae_gozag_zags_fifth_avenue, minmay_fire_ice_demons, uniq_maggie,
          uniq_crazy_yiuf_cottage
D:8:      layout_basic, nemelex_xobeh_ov_fountains_minmay, old_standard_altar,
          david_lair_generic, serial_shops, shop, uniq_maurice
D:9:      layout_rooms, david_orc_4, gammafunk_ghost_abyssal_escape,
          serial_shops, shop, minmay_holes
D:10:     layout_rooms, mainiacjoe_overflow_surrounded_room,
          mainiacjoe_overflow_catch_the_wave, demons_altar
D:11:     layout_cave_pods, corexii_leaking_fountain, fedhas_altar_3,
          uniq_gastronok
D:12:     gammafunk_jiyva_shrine, layout_irregular_city, serial_column_ruins,
          column_ruins_columns_straight, column_ruins_columns_water,
          column_ruins_open_small, column_ruins_grid_3, column_ruins_open_tiny,
          chequers_serial_rivers_room_b, uniq_nergalle

Skill      XL: |  1  2  3  4  5  6  7  8  9 10 11 12 |
---------------+-------------------------------------+-----
Armour         | 4 5 6 7 8 9 10 | 10.9
Fighting       | 4 6 8 9 10 11 | 11.1
Axes           | 3 4 5 6 9 10 13 15 17 18 | 18.4
Shields        | 4 |  4.9
Dodging        | 1 2 3 |  3.6
Stealth        | 1 |  1.2

Action                   |  1- 3 |  4- 6 |  7- 9 | 10-12 || total
-------------------------+-------+-------+-------+-------++-------
Melee: War axe           |    87 |    99 |     9 |       ||   195
       Headbutt          |    10 |     8 |    15 |    51 ||    84
       Lochaber axe      |       |       |   147 |   296 ||   443
Invok: Donate Gold       |     1 |       |       |       ||     1
  Use: Scroll            |     2 |     1 |     6 |    11 ||    20
       Potion            |       |       |     5 |     1 ||     6
Armor: Scale mail        |    53 |    13 |       |     1 ||    67
       Chain mail        |       |    51 |   132 |   267 ||   450
Dodge: Dodged            |    48 |    23 |   101 |   177 ||   349
Block: Buckler           |    23 |    15 |     2 |       ||    40
